 Dungeon Crawl Stone Soup version 0.29.0-5-ge4962eb29e (webtiles) character file.

Game seed: 5955605902978651762

35 benadryl the Gusty (level 3, 0/28 HPs)
             Began as a Meteoran Air Elementalist on Aug 29, 2022.
             Slain by a goblin
             ... wielding a +0 club
             ... led by Robin
              (2 damage)
             ... on level 2 of the Dungeon.
             The game lasted 00:05:18 (732 turns).

benadryl the Gusty (Meteoran Air Elementalist)       Turns: 732, Time: 00:05:18

Health: 0/28       AC:  3    Str: 10    XL:     3   Next: 79%
Magic:  9/9        EV: 12    Int: 18    God:
Gold:   8          SH:  0    Dex: 14    Spells: 8/9 levels left

rFire   . . .      SeeInvis .   c - +0 dagger
rCold   . . .      Faith    .   (no shield)
rNeg    . . .      Spirit   .   a - +0 robe
rPois   .          Reflect  .   (no helmet)
rElec   .          Harm     .   d - +0 cloak
rCorr   .          Rampage  .   (no gloves)
Will    .....                   (no boots)
Stlth   +.........              (no amulet)
HPRegen 0.09/turn               g - ring of flight
MPRegen 0.11/turn               (no ring)

@: flying, glowing
A: sense surroundings 1, otherworldly, glowing, explore regen
a: no special abilities


You were on level 2 of the Dungeon.
You visited 1 branch of the dungeon, and saw 2 of its levels.

You collected 8 gold pieces.

Inventory:

Hand Weapons
 c - a +0 dagger (weapon)
 f - a +0 spear
Armour
 a - a +0 robe (worn)
 d - a +0 cloak (worn)
Jewellery
 g - a ring of flight (left hand)
Scrolls
 h - a scroll of fear {unknown}
 i - a scroll of teleportation {unknown}
Potions
 b - a potion of magic
 e - a potion of flight {unknown}
 k - a potion of curing {unknown}


   Skills:
 + Level 1.1 Fighting
 - Level 2.4 Dodging
 - Level 1.4 Stealth
 * Level 3.5 Spellcasting
 - Level 1.2 Conjurations
 * Level 4.3 Air Magic


You had 8 spell levels left.
You knew the following spells:

 Your Spells              Type           Power      Damage    Failure   Level
a - Shock                 Conj/Air       52%        1d6       4%          1

Your spell library contained the following spells:

 Spells                   Type           Power      Damage    Failure   Level
 Static Discharge         Conj/Air       13%        3-5/arc   8%          2
 Swiftness                Air            18%        N/A       8%          3
 Airstrike                Air            9%         2d(2-18)  26%         4
 Sticky Flame             Conj/Fire      5%         2d3       75%         4
 Animate Armour           Summ/Erth      6%         N/A       83%         4
 Dispel Undead            Necr           3%         3d7       83%         4
 Blade Hands              Tmut           1%         N/A       99%         5
 Iron Shot                Conj/Erth      2%         9d2       100%        6


Dungeon Overview and Level Annotations

Branches:
Dungeon (2/15) Zot: 468

Altars:

Annotations:
D:2 Robin


Innate Abilities, Weirdness & Mutations

You passively map a small area around you.
You are easily found by Zot.
You glow in the dark.
You regain HP and MP as you explore.


Message History

A hobgoblin comes into view.
The quokka twitches its whiskers.
The goblin shouts!
You hit the endoplasm.
The endoplasm is severely wounded.
The goblin hits you with a +0 club. The endoplasm freezes you.
You are frozen.
Robin throws the goblin at you!
You hit the endoplasm.
You kill the endoplasm!
The goblin barely misses you.
A hobgoblin comes into view.
Robin roars a battlecry!
The goblins go into a battle-frenzy!
The goblin hits you with a +0 club. The goblin attacks as you move away!
The goblin hits you with a +0 club. The goblin attacks as you move away!
The goblin misses you.
You see here a book of Touch.
You pick up a book of Touch and begin reading...
You add the spells Sticky Flame and Dispel Undead to your library.
A goblin comes into view. It is wielding a +0 club.
The goblin hits you with a +0 club.
As you read the scroll labelled SAAGRA UTERUW, it crumbles to dust.
The creatures around you are filled with an inner flame!
It was a scroll of immolation.
The goblin shouts!
The goblin closely misses you. The goblin barely misses you. x2
The goblin closely misses you. Robin throws the goblin at you!
A hobgoblin comes into view.
Okay, then.
As you read the scroll labelled XEPUAMP LIARCH, it crumbles to dust.
It is a scroll of amnesia.
Really abort (and waste the scroll)?
Okay, then.
The goblin hits you with a +0 club.
* * * LOW HITPOINT WARNING * * *
The goblin hits you with a +0 club.
* * * LOW HITPOINT WARNING * * *
The goblin hits you but does no damage. The goblin hits you with a +0 club.
You die...

...#..####....#
,
...##...##....#
, ,
...####.......#
, ...# #####'###
* , , , ...# #.#
, , .### #.## ,
.# #..##### ,* #
* .#
##...gg###.... ,
##
#...gg@.......,
#...gggg...... ,
#....r........ *
* #.............
*
..gg...........
* ,
...g####.#######
,, ...g. #.# , ,
* ..g..* #.# * ,
* ,, *


You could see Robin (inner flame), a quokka (inner flame), 3 hobgoblins and 9
goblins.

Vanquished Creatures
  A dart slug (D:2)
  2 bats (D:2)
  4 endoplasms
  2 giant cockroaches
  3 goblins (D:1)
  3 hobgoblins (D:1)
  4 jackals (D:1)
  4 kobolds
  A ball python (D:1)
  A frilled lizard (D:2)
  3 rats
28 creatures vanquished.

Notes
Turn   | Place    | Note
-------+----------+-------------------------------------------
     0 | D:1      | benadryl the Meteoran Air Elementalist began the quest for
                  | the Orb.
     0 | D:1      | Reached XP level 1. HP: 14/14 MP: 5/5
   296 | D:1      | Reached XP level 2. HP: 22/22 MP: 3/6
   379 | D:1      | Reached skill level 4 in Air Magic
   491 | D:1      | Reached XP level 3. HP: 27/27 MP: 6/8
   500 | D:1      | Glimpsed the power of Zot.
   522 | D:1      | Reached skill level 1 in Fighting
   725 | D:2      | Noticed Robin
   732 | D:2      | Slain by a goblin

Illustrated notes

Levels and vault maps discovered:
D:1:      nzn_arrival_depleted_hourglass, layout_loops_ring,
          hellmonk_ecumenical_altar_prayer_group, minmay_tromino_v2
D:2:      layout_basic, uniq_terence, uniq_robin

Skill      XL: |  1  2  3 |
---------------+----------+-----
Spellcasting   | 3 |  3.5
Air Magic      | 4 |  4.3
Fighting       | 1 |  1.1
Dodging        | |  2.4
Stealth        | |  1.4
Conjurations   | |  1.2

Action                   || total
-------------------------++-------
Melee: Unarmed           ||     1
       Dagger            ||     9
 Cast: Shock             ||    54
  Use: Scroll            ||     2
Armor: Robe              ||    10
Dodge: Dodged            ||    31
